[Event "*** SCC Grand Prix: Titled Tuesday Blitz"]
[Site "Chess.com"]
[Date "2020.07.14"]
[Round "7"]
[White "Nafania1"]
[Black "Zarinur"]
[Result "1-0"]
[WhiteElo "2443"]
[BlackElo "2103"]
[TimeControl "180+1"]
[EndTime "11:20:08 PDT"]
[Termination "Nafania1 won by resignation"]

1. e4 e5 2. Nf3 Nc6 3. Bb5 a6 4. Ba4 d6 5. O-O Bg4 6. h3 h5 7. Bxc6+ bxc6 8. d4 Bxf3 9. Qxf3 exd4 10. Re1 Qf6 11.
Qb3 Ne7 12. c3 dxc3 13. Nxc3 g6 14. Qb7 Rd8 15. e5 dxe5 16. Ne4 Qf5 17. Bg5 Bg7 18.
Qxc7 f6 19. Bd2 Qd7 20. Qxd7+ Rxd7 21. Bb4 Nf5 22. Rac1 Nd4 23. f4 f5 24. Nd6+ Rxd6 25.
Bxd6 e4 26. Bc5 Kf7 27. Kf1 Ne6 28. Be3 Rc8 29. Red1 Bxb2 30. Rb1 Bc3 31. Rb7+ Kg8 32. Rd6 Nc7 33. Rxg6+ Kf7 34. Rxc6 Ba5 35. Bb6 Bxb6 36. Rbxb6 Ke8 37. Rxa6 Kd7 38. Rab6 Nd5 39. Rxc8 Nxb6 40. Rh8 Nc4 41. Rxh5 Ne3+ 42. Kf2 Nd1+ 43. Ke1 Ne3 44. Rg5 Nc2+ 45. Kd2 Nd4 46. Ke3 Ke6 47. Kxd4 1-0

[Event "*** SCC Grand Prix: Titled Tuesday Blitz"]
[Site "Chess.com"]
[Date "2020.07.14"]
[Round "7"]
[White "BabyBoss31"]
[Black "Parkas"]
[Result "0-1"]
[WhiteElo "2202"]
[BlackElo "2342"]
[TimeControl "180+1"]
[EndTime "11:20:08 PDT"]
[Termination "Parkas won by resignation"]

1. d4 g6 2. c4 Bg7 3. e4 d6 4.
Nc3 e5 5. d5 a5 6. Bd3 Na6 7.
Nge2 Nc5 8. O-O f5 9. exf5 Nxd3 10. Qxd3 gxf5 11. Qf3 Ne7 12. Bg5 O-O 13. Ng3 Qe8 14.
Nh5 Ng6 15. Nxg7 Kxg7 16. Qh5 Rf7 17. f4 e4 18. Ne2 b5 19. Ng3 bxc4 20. Qh6+ Kh8 21.
Nh5 Qf8 22. Rfc1 Ba6 23. Rc3 Rb8 24. Rh3 Qxh6 25. Bxh6 Rxb2 26. Bg5 c3 27. Bf6+ Kg8 28.
Bxc3 Rc2 29. Nf6+ Kf8 30. Nxh7+ Ke7 31. Bd4 Nxf4 32. Rg3 Ne2+ 33. Kh1 Nxd4 34. Ng5 Rg7 35. Nxe4 Rxg3 36. Nxg3 f4 37. Re1+ Kd7 38. Ne4 Re2 39. Nf6+ Ke7 40. Rxe2+ Bxe2 41. Ne4 f3 42. gxf3 Bxf3+ 0-1

[Event "*** SCC Grand Prix: Titled Tuesday Blitz"]
[Site "Chess.com"]
[Date "2020.07.14"]
[Round "7"]
[White "BJthechessgod"]
[Black "bmt011"]
[Result "1-0"]
[WhiteElo "2304"]
[BlackElo "2119"]
[TimeControl "180+1"]
[EndTime "11:20:08 PDT"]
[Termination "BJthechessgod won on time"]

1. e4 e6 2. d4 d5 3. Nc3 Nf6 4. e5 Nfd7 5. f4 c5 6. Nf3 Nc6 7.
Be3 cxd4 8. Nxd4 Qb6 9. Qd2 Nxd4 10. Bxd4 Bc5 11. Na4 Qc6 12. Nxc5 Nxc5 13. Qb4 Na6 14. Qb5 O-O 15. Qxc6 bxc6 16. c3 Rb8 17. O-O-O f6 18. Bd3 c5 19. Bxa6 cxd4 20. Bxc8 Rbxc8 21. Rxd4 fxe5 22. fxe5 Rf2 23. Rd2 Rcf8 24. Re1 Rf1 25. Kd1 R8f5 26.
Rxf1 Rxf1+ 27. Kc2 Rh1 28. Kd3 Rxh2 29. Kd4 Rh4+ 30.
Kc5 g5 31. Kd6 Kf7 32. Rf2+ Rf4 33. Rd2 h5 34. b4 h4 35. a4 a5 36. b5 Rxa4 37. b6 Ra1 38. Rb2 a4 39. b7 a3 40. b8=Q axb2 41. Qxb2 Ra7 42. Qb8 Re7 43.
Qh8 1-0

[Event "*** SCC Grand Prix: Titled Tuesday Blitz"]
[Site "Chess.com"]
[Date "2020.07.14"]
[Round "7"]
[White "Siniauski"]
[Black "GMHess"]
[Result "0-1"]
[WhiteElo "2480"]
[BlackElo "2758"]
[TimeControl "180+1"]
[EndTime "11:20:09 PDT"]
[Termination "GMHess won by resignation"]

1. e4 d6 2. d4 Nf6 3. Nc3 c6 4. a4 Qc7 5. g3 e5 6. Bg2 h5 7. h3 Be7 8. Nge2 Nbd7 9. Be3 h4 10.
g4 Nh7 11. Qd2 Ndf8 12. f4 Ne6 13. O-O Bd7 14. a5 exf4 15. Nxf4 Nxf4 16. Bxf4 O-O 17. Qf2 Rae8 18. Rae1 Qxa5 19. d5 Qb4 20. Qd2 Bf6 21.
dxc6 Bxc6 22. Qxd6 Qxb2 23. Nd5 Bxd5 24. exd5 Qxc2 25.
Qd7 Qc8 26. Qb5 a6 27. Qb3 Rxe1 28. Rxe1 Re8 29. Rxe8+ Qxe8 30. d6 Qe1+ 31. Kh2 Be5 32. Qf3 Ng5 33. Qf1 Qxf1 34. Bxf1 Bxf4+ 35. Kg2 Bxd6 36. Bc4 Ne6 37. Bd5 Nf4+ 38. Kh1 Nxd5 0-1

[Event "*** SCC Grand Prix: Titled Tuesday Blitz"]
[Site "Chess.com"]
[Date "2020.07.14"]
[Round "7"]
[White "iaraldinho"]
[Black "Xeniya2005"]
[Result "0-1"]
[WhiteElo "2533"]
[BlackElo "2401"]
[TimeControl "180+1"]
[EndTime "11:20:09 PDT"]
[Termination "Xeniya2005 won on time"]

1. e4 e6 2. d4 d5 3. Nc3 Bb4 4. e5 c5 5. a3 Bxc3+ 6. bxc3 Ne7 7. Nf3 b6 8. a4 Ba6 9. Bb5+ Bxb5 10. axb5 Qc7 11.
O-O O-O 12. Ba3 Nd7 13. Qe2 Rfc8 14. c4 dxc4 15. Qxc4 Nd5 16. dxc5 bxc5 17. Rfe1 N7b6 18. Qh4 a6 19. Ng5 h6 20. Ne4 axb5 21. Nf6+ Kh8 22. Re3 b4 23. Bb2 Rxa1+ 24. Bxa1 Nxe3 25. fxe3 Ra8 26. Bb2 Ra2 27. Qe4 gxf6 28. exf6 Qd8 29. Qh4 Qf8 30. Be5 Nc8 31. Bf4 Ra1+ 32. Kf2 Qg8 33. Qxh6+ Qh7 34. Qf8+ Qg8 35. Qxc5 Ra2 0-1

[Event "*** SCC Grand Prix: Titled Tuesday Blitz"]
[Site "Chess.com"]
[Date "2020.07.14"]
[Round "7"]
[White "StephenDedalus83"]
[Black "Mikhail_Golubev"]
[Result "1-0"]
[WhiteElo "2811"]
[BlackElo "2594"]
[TimeControl "180+1"]
[EndTime "11:20:10 PDT"]
[Termination "StephenDedalus83 won on time"]

1. e4 c5 2. Nf3 d6 3. d4 cxd4 4. Nxd4 Nf6 5. Nc3 g6 6. Be3 Bg7 7. f3 a6 8. Qd2 Nbd7 9. O-O-O b5 10. g4 Bb7 11. h4 b4 12. Nce2 Qa5 13. Kb1 Nc5 14.
Ng3 h5 15. g5 Nfd7 16. a3 Qc7 17. Qxb4 O-O 18. Qe1 Rab8 19. Rh2 Rfc8 20. Bc4 Ne5 21. Bb3 a5 22. Nb5 Qd7 23. Qxa5 Nxf3 24. Rf2 Nxb3 25. cxb3 Bxe4+ 26. Nxe4 Rxb5 27. Qa4 Ne5 28. Nc3 Rbb8 29. Qxd7 Nxd7 30. Nd5 Re8 31. b4 Ne5 32. Rc2 Kf8 33.
Rdc1 e6 34. Nc7 Red8 35. Bf4 Nd3 36. Rf1 Nxf4 37. Rxf4 Ke7 38. Rcf2 Rf8 39. Rc4 Be5 40. Na6 Rbc8 41. Rxc8 Rxc8 42. b5 Bd4 43. Rd2 1-0

[Event "*** SCC Grand Prix: Titled Tuesday Blitz"]
[Site "Chess.com"]
[Date "2020.07.14"]
[Round "7"]
[White "Denmark2015"]
[Black "ditkin25"]
[Result "1-0"]
[WhiteElo "2581"]
[BlackElo "2400"]
[TimeControl "180+1"]
[EndTime "11:20:10 PDT"]
[Termination "Denmark2015 won by resignation"]

1. d4 Nf6 2. c4 g6 3. Nc3 Bg7 4.
e4 d6 5. Be2 O-O 6. Bg5 c5 7.
d5 e6 8. f4 Qa5 9. Qd2 exd5 10. exd5 Re8 11. Nf3 a6 12. a4 Qb4 13. O-O Bf5 14. Bd3 Bxd3 15. Qxd3 Nbd7 16. Nd2 Ng4 17. Nde4 Bd4+ 18. Kh1 f5 19. Nxd6 Qxb2 20.
Rab1 Qxc3 21. Qxc3 Bxc3 22. Nxe8 Rxe8 23. Rxb7 Nf2+ 24.
Kg1 Bd4 25. h3 Nxh3+ 26. Kh2 Nxg5 27. Rxd7 Ne4 28. Rb1 Nf6 29. Ra7 Ng4+ 30. Kh3 h5 31.
g3 Bg7 32. Kg2 Re2+ 33. Kf1 Rf2+ 34. Ke1 Bc3+ 35. Kd1 Rf1+ 36. Kc2 Ne3+ 37. Kxc3 Rxb1 38. Rxa6 Rg1 39. Rxg6+ Kf7 40. Rg5 h4 41. gxh4 Rxg5 42.
hxg5 Ke7 43. a5 Ng4 44. a6 Kd6 45. a7 1-0

[Event "*** SCC Grand Prix: Titled Tuesday Blitz"]
[Site "Chess.com"]
[Date "2020.07.14"]
[Round "7"]
[White "Euge_chess"]
[Black "isainz"]
[Result "0-1"]
[WhiteElo "2000"]
[BlackElo "2146"]
[TimeControl "180+1"]
[EndTime "11:20:10 PDT"]
[Termination "isainz won on time"]

1. e4 c5 2. c3 Nf6 3. e5 Nd5 4. g3 d6 5. exd6 Qxd6 6. Bg2 Nc6 7. Nf3 Qe6+ 8. Qe2 Qxe2+ 9. Kxe2 Bf5 10. Na3 O-O-O 11.
Re1 e5 12. Kf1 f6 13. Kg1 g5 14. Nc4 e4 15. g4 exf3 16. Bxf3 Bd3 17. Ne3 Ne5 18. Bg2 Nf4 19. b4 cxb4 20. Bb2 Nxg2 21. Kxg2 Be4+ 22. Kf1 Rxd2 23. Bc1 Bd3+ 24. Kg2 Re2 25.
Rd1 Bd6 26. Nf5 Be4+ 27. Kg3 Bc7 28. Ne7+ Kb8 29. f4 gxf4+ 30. Bxf4 Ng6 31. Bxc7+ Kxc7 32. Nd5+ Bxd5 33. Rxd5 Rd8 34. Rf5 Rd3+ 35. Rf3 Rxf3+ 36. Kxf3 Rxh2 37. cxb4 Rh3+ 38. Kg2 Ra3 0-1

[Event "*** SCC Grand Prix: Titled Tuesday Blitz"]
[Site "Chess.com"]
[Date "2020.07.14"]
[Round "7"]
[White "fighter2jz"]
[Black "amintabatabaei"]
[Result "0-1"]
[WhiteElo "2815"]
[BlackElo "3014"]
[TimeControl "180+1"]
[EndTime "11:20:11 PDT"]
[Termination "amintabatabaei won by resignation"]

1. e4 c5 2. Nf3 Nc6 3. Bb5 e6 4. O-O Nge7 5. d4 cxd4 6. Nxd4 a6 7.
Nxc6 Nxc6 8. Be2 Bc5 9. c4 O-O 10. Nc3 d6 11. Kh1 Bd4 12. Qd3 e5 13. f4 exf4 14.
Bxf4 Be5 15. Rad1 Be6 16. b3 Qh4 17. Bg3 Bxg3 18. Qxg3 Qxg3 19. hxg3 Rad8 20. Rd2 g6 21. Rfd1 Kg7 22. Kg1 h5 23. Rxd6 Rxd6 24. Rxd6 Kf6 25. Kf2 Ke5 26. c5 Rc8 27. Ke3 Nb4 28. Rb6 Rxc5 29.
Na4 Nc2+ 30. Kd2 Rc7 31. b4 Nd4 32. Nc5 Bxa2 33. Bf3 Nb3+ 34. Ke3 Nxc5 35. bxc5 Be6 36. Be2 Rxc5 37. Rxb7 Rc3+ 38. Kd2 Rxg3 39. Bf3 Bh3 40.
Rxf7 Bxg2 41. Be2 Bxe4 42. Bxa6 Bf5 43. Ke2 Ra3 44. Bc4 h4 45. Kf2 Rc3 46. Be2 Kf4 47. Rh7 g5 48. Rd7 Bxd7 0-1

[Event "*** SCC Grand Prix: Titled Tuesday Blitz"]
[Site "Chess.com"]
[Date "2020.07.14"]
[Round "7"]
[White "swayamsm"]
[Black "JSMastropiero"]
[Result "1-0"]
[WhiteElo "2602"]
[BlackElo "2415"]
[TimeControl "180+1"]
[EndTime "11:20:11 PDT"]
[Termination "swayamsm won by resignation"]

1. d4 Nf6 2. Nf3 g6 3. Bf4 d6 4.
Nbd2 Nh5 5. Bg3 Nxg3 6. hxg3 Bg7 7. c3 Nc6 8. e3 e5 9. Qb3 O-O 10. O-O-O a5 11. Bb5 a4 12. Bxa4 Na5 13. Qc2 exd4 14. cxd4 Be6 15. Nb3 Nc6 16. Bxc6 bxc6 17. a3 Qb8 18.
Rd3 Bf5 19. Ng5 Qb5 20. e4 Be6 21. Nxe6 fxe6 22. f4 Rfb8 23. e5 Ra4 24. Rc3 c5 25.
dxc5 dxe5 26. Nd2 exf4 27. Rb3 Qe8 28. Rxb8 Qxb8 29. Qxa4 Qxb2+ 30. Kd1 Qa1+ 31. Kc2 Qc3+ 32. Kd1 Qa1+ 33. Ke2 Qxh1 34. Qe8+ Bf8 35. Qxe6+ Kg7 36. Qe5+ Kg8 37. Qd5+ Kg7 38. gxf4 Qg1 39. Nb3 Qb1 40.
Nd4 Qb2+ 41. Kf1 Qc1+ 42. Ke2 Qb2+ 43. Kd1 Qa1+ 44. Kc2 Kh6 45. Qg5+ Kg7 46. Qe5+ Kh6 47. Nf5+ gxf5 48. Qxa1 1-0

[Event "*** SCC Grand Prix: Titled Tuesday Blitz"]
[Site "Chess.com"]
[Date "2020.07.14"]
[Round "7"]
[White "MFguimaraes"]
[Black "YPradafah"]
[Result "0-1"]
[WhiteElo "2385"]
[BlackElo "2552"]
[TimeControl "180+1"]
[EndTime "11:20:11 PDT"]
[Termination "YPradafah won by resignation"]

1. e4 c5 2. Nf3 Nc6 3. Bb5 g6 4.
Bxc6 dxc6 5. d3 Bg7 6. O-O Nf6 7. Nc3 Nd7 8. Be3 e5 9. a3 b6 10. b4 cxb4 11. axb4 O-O 12. b5 Bb7 13. bxc6 Bxc6 14. Nd5 h6 15. c4 f5 16. Qc1 Kh7 17. Ra2 a5 18. Bd2 Nc5 19. Qb1 Rb8 20. Bc3 Bxd5 21. exd5 Qd6 22. Re1 Rfe8 23. Rae2 e4 24. Bxg7 Kxg7 25.
dxe4 Rxe4 26. Rxe4 fxe4 27. Nd4 Rf8 28. Qb2 Kh7 29. Rb1 Qf4 30. Rf1 e3 31. Nf3 Nd3 32. Qxb6 exf2+ 33. Kh1 h5 34. d6 Qxc4 35. d7 Nc5 36. Rd1 f1=Q+ 37. Rxf1 Qxf1+ 38. Ng1 Nxd7 39. Qc7 Qf7 40. h3 Nf6 41. Nf3 Qxc7 0-1

[Event "*** SCC Grand Prix: Titled Tuesday Blitz"]
[Site "Chess.com"]
[Date "2020.07.14"]
[Round "7"]
[White "fabianvivasz"]
[Black "stolencandy13"]
[Result "1-0"]
[WhiteElo "2265"]
[BlackElo "2413"]
[TimeControl "180+1"]
[EndTime "11:20:11 PDT"]
[Termination "fabianvivasz won on time"]

1. e4 c6 2. Nf3 d5 3. Nc3 Bg4 4. h3 Bxf3 5. Qxf3 Nf6 6. d3 e6 7. Bd2 Nbd7 8. O-O-O Bb4 9. g4 Qc7 10. g5 Ng8 11. Kb1 Ne7 12. h4 O-O-O 13. Qxf7 Nc5 14.
Nxd5 Nxd5 15. Qxc7+ Kxc7 16. exd5 Bxd2 17. Rxd2 exd5 18.
Bh3 Rhf8 19. Re1 Rf7 20. Bg4 a5 21. f3 Kd6 22. d4 Na6 23. Re6+ Kc7 24. Rde2 Rdf8 25.
h5 Kb6 26. a3 Nc7 27. Re7 Nb5 28. c3 Nd6 29. g6 hxg6 30. hxg6 Rxe7 31. Rxe7 Rg8 32.
Be6 Rf8 33. Rxg7 Rxf3 34. Rd7 Nc4 35. g7 Rf1+ 36. Kc2 Rf2+ 37. Kd1 Nxb2+ 38. Kc1 Nd3+ 39.
Kb1 Rf1+ 40. Kc2 Ne1+ 41. Kd1 Ng2+ 42. Ke2 1-0

[Event "*** SCC Grand Prix: Titled Tuesday Blitz"]
[Site "Chess.com"]
[Date "2020.07.14"]
[Round "7"]
[White "VladaSviridova"]
[Black "dpopadic"]
[Result "1/2-1/2"]
[WhiteElo "2119"]
[BlackElo "2310"]
[TimeControl "180+1"]
[EndTime "11:20:11 PDT"]
[Termination "Game drawn by agreement"]

1. d4 Nf6 2. c4 g6 3. Nc3 Bg7 4.
e4 d6 5. Nf3 O-O 6. Be2 e5 7.
O-O Na6 8. Be3 Ng4 9. Bg5 Qe8 10.
dxe5 dxe5 11. h3 f6 12. Bd2 Nh6 13. c5 Nxc5 14. Qc1 Nf7 15. Nd5 Ne6 16. Nxc7 Nxc7 17.
Qxc7 Nd8 18. Bb4 Rf7 19. Qc2 Nc6 20. Bc3 Be6 21. Bb5 Rc8 22. a3 a6 23. Bxc6 Qxc6 24.
Rfd1 Qb6 25. Qe2 Bc4 26. Qd2 Bb3 27. Re1 Rd8 28. Qe2 Rfd7 29. Qe3 Qxe3 30. Rxe3 Bf8 31. Ree1 Bc5 32. Rac1 Bb6 33. Bb4 Rd1 34. Be7 Rxc1 35. Rxc1 Rd1+ 36. Rxd1 Bxd1 37. Bxf6 Bc2 38. Nxe5 Bxe4 39.
Nc4 Bc5 40. b4 Bf8 41. f3 Bd3 42. Ne5 Bb5 43. Kf2 Bd6 44. g4 Bxe5 45. Bxe5 Kf7 46.
Ke3 Bf1 47. h4 h5 48. gxh5 gxh5 49. Kf4 Kg6 50. Bc7 Bd3 51. Bd8 Bc2 52. Ke5 Bd1 53.
f4 Bc2 54. Bg5 Bb1 55. Kd5 Kf5 56. Kc5 Be4 57. Kb6 Bf3 58. a4 Be4 59. b5 axb5 60.
axb5 Bf3 1/2-1/2

[Event "*** SCC Grand Prix: Titled Tuesday Blitz"]
[Site "Chess.com"]
[Date "2020.07.14"]
[Round "7"]
[White "doons21"]
[Black "Oligan22"]
[Result "1-0"]
[WhiteElo "2651"]
[BlackElo "2459"]
[TimeControl "180+1"]
[EndTime "11:20:12 PDT"]
[Termination "doons21 won on time"]

1. e4 c5 2. c3 d5 3. exd5 Qxd5 4.
d4 Nf6 5. Nf3 e6 6. Bd3 Be7 7.
O-O cxd4 8. cxd4 Nc6 9. Nc3 Qd6 10. Nb5 Qd8 11. Bf4 Nd5 12. Bg3 a6 13. Nc3 Bf6 14.
Rc1 O-O 15. Bb1 Nce7 16. Ne4 Nf5 17. Nxf6+ Qxf6 18. Be5 Qe7 19. a3 Bd7 20. Re1 Qd8 21. Qd3 Bb5 22. Qe4 g6 23. h4 Bc6 24. Qg4 Nf6 25.
Qh3 Nd5 26. h5 f6 27. Bh2 Qd7 28. Qg4 Qg7 29. hxg6 Qxg6 30. Qxg6+ hxg6 31. Rxe6 Kf7 32. Rce1 Rfe8 33. Rxe8 Bxe8 34. Nd2 Nxd4 35. Nc4 Bc6 36. Ba2 Kg7 37. Na5 Nc2 38. Rc1 Nd4 39. Rd1 Nf5 40. Bxd5 Rd8 41. Bf3 1-0

[Event "*** SCC Grand Prix: Titled Tuesday Blitz"]
[Site "Chess.com"]
[Date "2020.07.14"]
[Round "7"]
[White "frederiksvane"]
[Black "Ermito2020"]
[Result "1-0"]
[WhiteElo "2691"]
[BlackElo "2521"]
[TimeControl "180+1"]
[EndTime "11:20:13 PDT"]
[Termination "frederiksvane won on time"]

1. e4 c6 2. Nf3 d5 3. Nc3 Bg4 4. h3 Bh5 5. exd5 cxd5 6. g4 Bg6 7. Bb5+ Nc6 8. Ne5 Rc8 9. d4 e6 10. Qe2 Bd6 11. h4 Bxe5 12. Qxe5 Qf6 13. Qe2 h5 14. g5 Qxd4 15. Be3 Qb4 16. O-O-O Ne7 17. a3 Qa5 18. Bc5 a6 19. Bxe7 axb5 20. Bc5 b4 21. axb4 Nxb4 22. Bxb4 Qxb4 23. Rxd5 O-O 24. Rb5 Qf4+ 25.
Kb1 Rxc3 26. bxc3 Ra8 27. Rb4 Qf5 28. Rd1 Qa5 29. Kc1 Qa3+ 30. Kd2 Qa2 31. Ke1 Qa3 32. Rc4 Qb2 33. Kf1 Qb6 34. Kg1 Ra2 35. Rb4 Qc7 36. Qc4 Qxc4 37. Rxc4 Bxc2 38. Rd2 Ra1+ 39.
Kg2 Bf5 40. Rc8+ Kh7 41. Rc7 Kg6 42. Kg3 1-0

[Event "*** SCC Grand Prix: Titled Tuesday Blitz"]
[Site "Chess.com"]
[Date "2020.07.14"]
[Round "7"]
[White "DenisQ"]
[Black "boasovietica"]
[Result "1-0"]
[WhiteElo "2636"]
[BlackElo "2471"]
[TimeControl "180+1"]
[EndTime "11:20:13 PDT"]
[Termination "DenisQ won by resignation"]

1. Nf3 d6 2. c4 c5 3. Nc3 Nc6 4. g3 e5 5. Bg2 g6 6. O-O Bg7 7. Ne1 Be6 8. Nd5 Nge7 9. Nc2 O-O 10. Nce3 Rb8 11. a4 Qd7 12. d3 Bh3 13. Rb1 Bxg2 14. Kxg2 Nxd5 15. Nxd5 Ne7 16. Nxe7+ Qxe7 17. b4 b6 18. Bd2 f5 19. a5 f4 20. f3 g5 21. Qa4 h5 22. bxc5 bxc5 23. Qc6 Rxb1 24.
Rxb1 fxg3 25. hxg3 g4 26. Rb7 Qf6 27. Rxa7 h4 28. Qe4 gxf3+ 29. exf3 hxg3 30. Ra8 Rxa8 31. Qxa8+ Kf7 32. Qb7+ Kf8 33. a6 Qh4 34. Qc8+ Kf7 35. Qh3 Qd4 36. Qf5+ Kg8 37. Be1 Qb2+ 38. Kxg3 e4 39.
Qe6+ Kh8 40. Qe8+ Kh7 41. Qxe4+ Kh8 42. a7 Be5+ 43. f4 1-0

[Event "*** SCC Grand Prix: Titled Tuesday Blitz"]
[Site "Chess.com"]
[Date "2020.07.14"]
[Round "7"]
[White "queen_iryna"]
[Black "Kopytkin"]
[Result "0-1"]
[WhiteElo "2257"]
[BlackElo "2453"]
[TimeControl "180+1"]
[EndTime "11:20:13 PDT"]
[Termination "Kopytkin won on time"]

1. d4 d5 2. Nc3 Bf5 3. Bf4 e6 4. e3 Nf6 5. Nf3 Bd6 6. Bd3 Bg6 7. Ne5 Nbd7 8. Qf3 Bb4 9. O-O O-O 10. Nxg6 hxg6 11.
Nb5 Ba5 12. a4 a6 13. Na3 c5 14. c3 Bc7 15. Bg5 Qb8 16. h3 c4 17. Be2 Ne4 18. Qg4 f6 19. Qxe6+ Rf7 20. Bf4 Bxf4 21. exf4 Qxf4 22. Qxd5 Rd8 23. Bf3 f5 24. Qxc4 Nd2 25. Qa2 Nxf3+ 26. gxf3 Qxf3 27. Nc4 Qxh3 28. Nd6 Rf8 29.
Nxf7 Rxf7 30. Rae1 Nf6 31. Re3 Qg4+ 32. Rg3 Qh5 33. Kg2 f4 34. Rh3 Qg4+ 35. Kh2 Qg5 36. Rg1 Ng4+ 37. Rxg4 Qxg4 38. Qd5 f3 39. Qd8+ Rf8 40.
Rh8+ Kxh8 41. Qxf8+ Kh7 0-1

[Event "*** SCC Grand Prix: Titled Tuesday Blitz"]
[Site "Chess.com"]
[Date "2020.07.14"]
[Round "7"]
[White "Dr_crypt"]
[Black "AlanZhang"]
[Result "1-0"]
[WhiteElo "2390"]
[BlackElo "2217"]
[TimeControl "180+1"]
[EndTime "11:20:13 PDT"]
[Termination "Dr_crypt won by resignation"]

1. d4 Nf6 2. Nf3 d5 3. c4 e6 4.
Nc3 Be7 5. Bf4 O-O 6. e3 c5 7.
dxc5 Bxc5 8. cxd5 exd5 9. Be2 Nc6 10. O-O h6 11. h3 Be6 12. Rc1 Bd6 13. Bxd6 Qxd6 14.
Nb5 Qe7 15. Nbd4 Rac8 16. Qa4 Ne4 17. Rfd1 Nxd4 18. Qxd4 a6 19. a3 Rfd8 20. Bd3 Nc5 21. Qb4 Qd6 22. Bb1 b6 23. Nd4 Nb7 24. Qd2 g6 25.
Rxc8 Bxc8 26. e4 dxe4 27. Qxh6 Nc5 28. Bc2 Qe5 29. b4 Ne6 30. Nc6 Rxd1+ 31. Bxd1 Qd6 32. Qc1 Bb7 33. Ba4 b5 34. Na5 Bd5 35. Bc2 Nd4 36.
Qd2 Ba8 37. Kf1 Qe5 38. Qc3 Bd5 39. Bd1 Kh7 40. Qe3 Nc6 41. Nxc6 Bxc6 42. Qc5 Qxc5 43. bxc5 a5 44. Ke2 Kg7 45. Ke3 Kf6 46. Kd4 Ke6 47.
Bb3+ Kd7 48. Bxf7 Ke7 49. Bxg6 b4 50. axb4 axb4 51. Bxe4 1-0

[Event "*** SCC Grand Prix: Titled Tuesday Blitz"]
[Site "Chess.com"]
[Date "2020.07.14"]
[Round "7"]
[White "Fandorine"]
[Black "1977Ivan"]
[Result "1-0"]
[WhiteElo "2946"]
[BlackElo "2686"]
[TimeControl "180+1"]
[EndTime "11:20:15 PDT"]
[Termination "Fandorine won by checkmate"]

1. e4 c5 2. Be2 Nc6 3. f4 Nf6 4. d3 d5 5. e5 Ng8 6. Nf3 h5 7. O-O Nh6 8. c4 dxc4 9. dxc4 Bg4 10. Nc3 e6 11. h3 Bxf3 12. Bxf3 Nf5 13. Bxc6+ bxc6 14. Qxd8+ Rxd8 15. Rd1 Rd4 16. b3 Be7 17. Rxd4 cxd4 18.
Ne4 h4 19. Bd2 f6 20. Re1 Kf7 21. Nf2 Rd8 22. Nd3 Rh8 23. Kf2 Rh6 24. Kg1 Rg6 25.
Nf2 Rg3 26. Kf1 d3 27. Ne4 Rg6 28. Rd1 Ng3+ 29. Nxg3 Rxg3 30. Be1 Re3 31. Bxh4 Re4 32. Bg3 Rd4 33. Kf2 fxe5 34. fxe5 Kg6 35. Kf3 Kf5 36. Bh2 Bb4 37. g4+ Kg6 38. Bf4 d2 39. Be3 Rd3 40. Ke2 Rc3 41. Rxd2 Rc1 42. Rd1 Rc2+ 43. Kf3 Rxa2 44. h4 Rb2 45. h5+ Kh7 46. Rd3 a5 47. g5 Kg8 48. g6 Kf8 49. Rd8+ Ke7 50. Bg5# 1-0

[Event "*** SCC Grand Prix: Titled Tuesday Blitz"]
[Site "Chess.com"]
[Date "2020.07.14"]
[Round "7"]
[White "Jumbo"]
[Black "EvgenyRomanov"]
[Result "1-0"]
[WhiteElo "2853"]
[BlackElo "2601"]
[TimeControl "180+1"]
[EndTime "11:20:16 PDT"]
[Termination "Jumbo won by resignation"]

1. d4 Nf6 2. Bf4 c5 3. dxc5 Na6 4. Nc3 Nxc5 5. f3 d6 6. e4 g6 7. e5 Nh5 8. Be3 a6 9. Qd2 Be6 10. O-O-O Qc7 11. exd6 exd6 12. Bd4 Bg7 13. g4 Nf6 14. h4 O-O 15. h5 b5 16. h6 Bh8 17.
g5 Nfd7 18. Bxh8 Kxh8 19. Qxd6 Qa5 20. Qd4+ f6 21. a3 Rab8 22. gxf6 Bf7 23. Qb4 Qc7 24. Nh3 a5 25. Qf4 Ne5 26. Kb1 b4 27. Nd5 Qd6 28. Ne3 Qc7 29. Nd5 Qd6 30. Ne3 Qc7 31. a4 b3 32. c3 Rfd8 33. Rxd8+ Rxd8 34. Bb5 Ncd3 35. Bxd3 Rxd3 36. Ng5 Kg8 37. Ng4 Qd8 38. Nxe5 Rd1+ 39. Rxd1 Qxd1+ 40. Qc1 1-0

[Event "*** SCC Grand Prix: Titled Tuesday Blitz"]
[Site "Chess.com"]
[Date "2020.07.14"]
[Round "7"]
[White "r31415"]
[Black "JuliaEfremova"]
[Result "0-1"]
[WhiteElo "2423"]
[BlackElo "2319"]
[TimeControl "180+1"]
[EndTime "11:20:16 PDT"]
[Termination "JuliaEfremova won by resignation"]

1. c4 Nf6 2. Nc3 g6 3. d4 Bg7 4. e4 d6 5. f3 O-O 6. Bg5 Nbd7 7. Qd2 c5 8. d5 Re8 9. Nge2 a6 10. h4 b5 11. cxb5 axb5 12. Nxb5 Ba6 13. Nbc3 Qb6 14. Ng3 Bxf1 15. Kxf1 Reb8 16. Rb1 Ne5 17. b3 Qa6+ 18. Kg1 c4 19. h5 cxb3 20. axb3 Qd3 21. Kf2 Qxd2+ 22.
Bxd2 Ra3 23. h6 Bh8 24. b4 Nfd7 25. Ke2 Nc4 26. Rhc1 Ndb6 27. Be1 Be5 28. Ra1 Bf4 29. Rxa3 Nxa3 30. Rd1 Bxh6 31. Bd2 Bg7 32. Nb1 Nac4 33. Be3 Nxe3 34. Kxe3 Nc4+ 35. Kd3 Rxb4 36. Nd2 Nb2+ 37. Kc2 Nxd1 38. Kxd1 h5 39. Kc2 Rb2+ 40. Kd1 Bh6 41. Ngf1 f5 42. Kc1 Ra2 43. exf5 gxf5 44. g3 f4 45. gxf4 Bxf4 46. Kd1 h4 47. Ke1 h3 48. Ne4 0-1

[Event "*** SCC Grand Prix: Titled Tuesday Blitz"]
[Site "Chess.com"]
[Date "2020.07.14"]
[Round "7"]
[White "Efremov_Vlad"]
[Black "tamarozi99"]
[Result "0-1"]
[WhiteElo "2219"]
[BlackElo "2027"]
[TimeControl "180+1"]
[EndTime "11:20:16 PDT"]
[Termination "tamarozi99 won by resignation"]

1. d4 Nf6 2. c4 g6 3. Nf3 Bg7 4. g3 d6 5. Bg2 O-O 6. O-O Nc6 7. Nc3 e5 8. dxe5 Nxe5 9. Nxe5 dxe5 10. Qxd8 Rxd8 11.
Bg5 Rd4 12. Be3 Rxc4 13. Rfd1 Be6 14. Bxb7 Re8 15. Ba6 Rb4 16. Bb5 c6 17. Bxc6 Rc8 18. Rab1 Rxc6 19. Rd8+ Bf8 20. Bh6 Nd7 21. Ne4 Bf5 22.
Rd1 Rd4 23. Rxd4 exd4 24. Ng5 f6 25. Nf3 Rd6 26. Bf4 Rb6 27. Nxd4 Bh3 28. b3 Kf7 29.
Ra8 Rb7 30. Nc6 a5 31. Nxa5 Rb6 32. Nc4 Rc6 33. Ra7 Ke6 34. f3 Bc5+ 35. e3 Bxa7 36. Kf2 Kf7 37. Ke2 Rc8 38. Kd3 Bf1+ 39. Ke4 Bxc4 40. bxc4 Rxc4+ 41. Kd5 Ra4 42. Kd6 Ne5 43.
Bxe5 fxe5 44. Kxe5 Rxa2 0-1

[Event "*** SCC Grand Prix: Titled Tuesday Blitz"]
[Site "Chess.com"]
[Date "2020.07.14"]
[Round "7"]
[White "natelleka"]
[Black "OnePeculiarConundrum"]
[Result "1-0"]
[WhiteElo "2143"]
[BlackElo "2340"]
[TimeControl "180+1"]
[EndTime "11:20:17 PDT"]
[Termination "natelleka won by resignation"]

1. e4 c5 2. Nf3 d6 3. d4 cxd4 4. Nxd4 Nf6 5. Nc3 a6 6. Rg1 b5 7. g4 Bb7 8. Bg2 e6 9. g5 Nfd7 10. Be3 Nc6 11. f4 Be7 12. Qh5 g6 13. Qh6 Bf8 14. Qh3 Na5 15. f5 e5 16. fxg6 fxg6 17. Ne6 Qc8 18. Rf1 Nc4 19. Qf3 Nf6 20. Qxf6 Be7 21. Qxh8+ Kd7 22. Qxc8+ Rxc8 23. Bd2 Kxe6 24. O-O-O Kd7 25. Bh3+ Ke8 26. Bxc8 Bxc8 27. b3 Nxd2 28.
Kxd2 Bxg5+ 29. Ke2 Bg4+ 30. Kf2 Ke7 31. Nd5+ Ke6 32.
Nc7+ Kd7 33. Nd5 Ke6 34. Ra1 Bh3 35. Rg1 Bh4+ 36. Ke3 Kf7 37. a4 b4 38. Nxb4 Bd8 39. Nxa6 Bb6+ 40. Kd2 Bc8 41. Nb4 Bxg1 42. Rxg1 Bb7 43.
Ke3 Ke6 44. a5 h6 45. a6 Ba8 46. Rxg6+ Ke7 47. Rg8 1-0